 Dungeon Sprint DCSS version 0.30-a0-359-gd0147acb1a (webtiles) character file.

Game seed: 15208310478158578610

51 rocky1 the Shield-Bearer (level 4, -5/39 HPs)
             Began as a Formicid Fighter on Nov 12, 2022.
             Slain by a water elemental (14 damage)
             ... in the Dungeon (Sprint III: "The Ten Rune Challenge").
             The game lasted 00:00:50 (254 turns).

rocky1 the Shield-Bearer (Formicid Fighter)          Turns: 254, Time: 00:00:51

Health: -5/39      AC:  7    Str: 22    XL:     4   Next: 7%
Magic:  4/4        EV:  9    Int:  8    God:
Gold:   32         SH: 10    Dex: 13    Spells: 3/3 levels left

rFire   . . .      SeeInvis +    a - +0 flail
rCold   . . .      Faith    .    c - +0 buckler
rNeg    . . .      Spirit   .    b - +0 scale mail
rPois   .          Reflect  +    (helmet unavailable)
rElec   .          Harm     .    (no cloak)
rCorr   .          Rampage  .    (no gloves)
Will    .....                    (no boots)
Stlth   ..........               h - amulet of reflection
HPRegen 0.26/turn                (no ring)
MPRegen 0.09/turn                (no ring)

@: mighty, engulfed (cannot breathe)
A: permanent stasis, dig shafts and tunnels, antennae 3, four strong arms
a: Dig


You were in the Dungeon.
You visited 1 branch You collected 32 gold pieces.

Inventory:

Hand Weapons
 a - a +0 flail (weapon)
Armour
 b - a +0 scale mail (worn)
 c - a +0 buckler (worn)
Jewellery
 h - an amulet of reflection (around neck)
Scrolls
 j - 2 scrolls of torment {unknown}
 k - 4 scrolls of identify
Potions
 e - 2 potions of curing
 f - a potion of heal wounds
 g - 2 potions of magic
 i - a potion of degeneration {unknown}
 l - a potion of flight {unknown}
 m - 5 potions of mutation


   Skills:
 + Level 5.5 Fighting
 + Level 2.8 Maces & Flails
 + Level 5.4 Armour
 + Level 0.1 Dodging
 + Level 6.3 Shields


You had 3 spell levels left.
You didn't know any spells.
Your spell library was empty.

Dungeon Overview and Level Annotations

Branches:
Dungeon (1/1)

Altars:


Innate Abilities, Weirdness & Mutations

You cannot be hasted, slowed, berserked, paralysed or teleported.
You can dig through walls and to a lower floor.
You have a pair of large antennae on your head. (SInv)
Your four strong arms can wield two-handed weapons with a shield.


Message History

You now have 18 gold pieces (gained 7).
j - a scroll labelled PUMUOR RIEJUEG;
k - 2 scrolls of identify
l - a sedimented white potion
Things that are here:
a potion of mutation; 2 potions of mutation
j - 2 scrolls labelled PUMUOR RIEJUEG (gained 1)
k - 4 scrolls of identify (gained 2);
e - 2 potions of curing (gained 1)
Things that are here:
a potion of mutation; a potion of mutation You now have 32 gold pieces (gained 14).
Things that are here:
a potion of mutation; a potion of mutation
m - a potion of mutation;
m - 2 potions of mutation (gained 1)
m - 3 potions of mutation (gained 1);
m - 5 potions of mutation (gained 2)
There is an open door here.
You enter the shallow water.
Moving in this stuff is going to be slow.
You enter the shallow water.
Moving in this stuff is going to be slow.
Non-targeted abil: Dig
Press: ? - help, Q - select action Dir - look around, f - activate You extend your mandibles.
You can't dig through that.
You open the door.
A water elemental comes into view.
You feel very mighty all of a sudden.
You hit the water elemental.
The water elemental is lightly damaged.
You block the water elemental's attack.
You sock the water elemental!
The water elemental is severely damaged.
The water elemental hits you!!
The water elemental engulfs you in water!
The water elemental hits you.
You barely miss the water elemental.
The water elemental is severely damaged.
* * * LOW HITPOINT WARNING * * *
Your lungs strain for air!
The water elemental hits you!
You die...

▓▓▓▓▓▓▓▓▓▓▓▓ ▓▓▓
<.#..'...♣.♣ ♣.#
..#..#....♣♣♣ ♣♣.#
#'####....♣.♣ ♣..#{
..†..#....~♣♣♣♣..# #+#+#
.....#...~~.♣.♣..#......
.....#..~~~~♣...@E.⌠....
####†#..~≈≈~~~♣..#...###
..)..#.~~≈~~~....# ⌠.#{
.....#.~≈~~~.....# .#
.....#.~~~.......# #
'#####...........# {{
.................#
▓▓▓▓▓▓▓▓▓▓▓▓▓▓▓▓▓▓ { {


You could see a water elemental.

Vanquished Creatures
  Jessica (D)
  A human (D)
  A phantom (D)
  An endoplasm (D)
  2 rats (D)
6 creatures vanquished.

Notes
Turn   | Place    | Note
-------+----------+-------------------------------------------
     0 | D        | rocky1 the Formicid Fighter began the quest for the Orb.
     0 | D        | Reached XP level 1. HP: 18/18 MP: 1/1
    23 | D        | Noticed Jessica
    27 | D        | Killed Jessica
    28 | D        | Reached skill level 5 in Shields
    28 | D        | Reached XP level 2. HP: 14/26 MP: 2/2
    28 | D        | Reached XP level 3. HP: 18/32 MP: 3/3
   114 | D        | Reached skill level 5 in Fighting
   114 | D        | Reached skill level 5 in Armour
   114 | D        | Reached skill level 6 in Shields
   207 | D        | Reached XP level 4. HP: 39/39 MP: 4/4
   250 | D        | Noticed a water elemental
   254 | D        | Slain by a water elemental

Illustrated notes

Levels and vault maps discovered:
D:        dungeon_sprint_mu [sprint_mu_entry_forest, sprint_mu_temple_rooms,
          sprint_mu_d1_horrors, sprint_mu_d2_genie, sprint_mu_d3_branching,
          sprint_mu_orc_legion, sprint_mu_elf_gauntlet, sprint_mu_hive_nellie,
          sprint_mu_lair_fedhas, sprint_mu_vaults_butterflies,
          sprint_mu_slime_circle, sprint_mu_swamp_cave, sprint_mu_shoals_kraken,
          sprint_mu_blade_basic, sprint_mu_crypt_lich, sprint_mu_tomb_spiral,
          sprint_mu_vestibule_basic, sprint_mu_gehenna_hellfire,
          sprint_mu_dis_giant, sprint_mu_tartarus_statrot,
          sprint_mu_cocytus_islands, sprint_mu_zot1]

Skill      XL: |  1  2  3 |
---------------+----------+-----
Fighting       | 4 5 |  5.5
Armour         | 4 5 |  5.4
Shields        | 5 6 |  6.3
Maces & Flails | |  2.8
Dodging        | |  0.1

Action                   |  1- 3 |  4- 6 || total
-------------------------+-------+-------++-------
Melee: Flail             |    19 |     3 ||    22
 Abil: Dig               |       |     1 ||     1
  Use: Potion            |       |     1 ||     1
Armor: Scale mail        |     3 |       ||     3
Dodge: Dodged            |     2 |       ||     2
Block: Buckler           |     6 |     1 ||     7

Table legend: (Time is in decaauts)
 A = Elapsed time spent in this place.
 B = Non-inter-level travel time spent in this place.
 C = Inter-level travel time spent in this place.
 D = Time resting spent in this place.
 E = Time spent auto-exploring this place.
 F = Levels seen in this place.
 G = Mean time per level.
                   A        B        C        D        E       F      G
               +--------+--------+--------+--------+--------+-----+--------+
         Total |    262 |    262 |      0 |    132 |      0 |   1 |  262.0 |
       Dungeon |    262 |    262 |      0 |    132 |      0 |   1 |  262.0 |
               +--------+--------+--------+--------+--------+-----+--------+

Top non-repeatable levels by time:
       D: 262 daAuts
